 Dungeon Crawl Stone Soup version 0.30-a0-553-g7fabdf1491 (webtiles) character file.

Game seed: 12635112497268317247

39 NotreDorf the Poker (level 3, -2/30 HPs)
             Began as a Merfolk Berserker on Dec 26, 2022.
             Was a Follower of Trog.
             Slain by a gnoll
             ... wielding a +2 vorpal spear
              (5 damage)
             ... on level 2 of the Dungeon.
             The game lasted 00:02:37 (869 turns).

NotreDorf the Poker (Merfolk Berserker)              Turns: 869, Time: 00:02:38

Health: -2/30      AC:  3    Str: 19    XL:     3   Next: 45%
Magic:  3/3        EV: 12    Int:  6    God:    Trog [*.....]
Gold:   35         SH:  0    Dex: 11    Spells: 2/2 levels left

rFire   . . .      SeeInvis .    a - +0 spear
rCold   . . .      Faith    .    (no shield)
rNeg    . . .      Spirit   .    b - +0 animal skin
rPois   .          Reflect  .    (no helmet)
rElec   .          Harm     .    (no cloak)
rCorr   .          Rampage  .    d - +0 pair of gloves
Will    .....                    (no boots)
Stlth   +                        (no amulet)
HPRegen 0.25/turn                (no ring)
MPRegen 0.08/turn                (no ring)

@: hasted, very quick
A: (nimble swimmer 2), mertail, clumsy 1, evolution 1
a: Renounce Religion, Berserk


You were on level 2 of the Dungeon.
You worshipped Trog.
Trog was aware of your devotion.
You visited 1 branch of the dungeon, and saw 2 of its levels.

You collected 35 gold pieces.

Inventory:

Hand Weapons
 a - a +0 spear (weapon)
Armour
 b - a +0 animal skin (worn)
 d - a +0 pair of gloves (worn)
Scrolls
 c - a scroll of blinking {unknown}
 f - a scroll of poison {unknown}
 g - a scroll of magic mapping {unknown}
 h - 2 scrolls of identify {unknown}


   Skills:
 + Level 3.9 Fighting
 + Level 4.7 Polearms
 - Level 1.3 Armour
 + Level 3.6 Dodging


You had 2 spell levels left.
You didn't know any spells.
Your spell library was empty.

Dungeon Overview and Level Annotations

Branches:
Dungeon (2/15)

Altars:


Innate Abilities, Weirdness & Mutations

((You are very nimble when in or above water. (Stealth+, EV+, Speed+++)))
Your lower body shifts to a powerful aquatic tail in water.
You are clumsy. (Dex -2)
You have hidden genetic potential.


Message History

The gnoll is severely wounded.
The gnoll barely misses you.
You reach to attack!
You hit the gnoll.
The gnoll is almost dead.
You reach to attack!
You hit the gnoll.
You kill the gnoll!
Trog accepts your kill.
You reach to attack!
You hit the gnoll.
The gnoll is lightly wounded.
The gnoll misses you.
You reach to attack!
You barely miss the gnoll.
The gnoll is lightly wounded.
The gnoll hits you from afar with a +2 vorpal spear.
You reach to attack!
You hit the gnoll.
The gnoll is moderately wounded.
The gnoll hits you from afar with a +2 vorpal spear.
You are too injured to fight recklessly!
You are too injured to fight recklessly!
Reach: a) +0 spear
Press: ? - help, Dir - move target, f/p - gnoll
Aim: a gnoll, wielding a +2 vorpal spear (moderately wounded, about 35% to evade your +0 spear)
You reach to attack!
You hit the gnoll but do no damage.
The gnoll is moderately wounded.
The gnoll hits you from afar with a +2 vorpal spear.
* * * LOW HITPOINT WARNING * * *
Reach: a) +0 spear
Press: ? - help, Dir - move target, f/p - gnoll
Aim: a gnoll, wielding a +2 vorpal spear (moderately wounded, about 35% to evade your +0 spear)
You reach to attack!
You hit the gnoll.
The gnoll is severely wounded.
Reach: a) +0 spear
Press: ? - help, Dir - move target, f/p - gnoll
Aim: a gnoll, wielding a +2 vorpal spear (severely wounded, about 35% to evade your +0 spear)
You reach to attack!
You barely miss the gnoll.
The gnoll is severely wounded.
The gnoll hits you from afar with a +2 vorpal spear.
* * * LOW HITPOINT WARNING * * *
x2 You feel yourself speed up.
The gnoll hits you from afar with a +2 vorpal spear.
You die...

## .. .# .# g#
# #####.###.##
##...@.#.....
##............
#.............
#.............
#..†..........
#.............
#.............
#..<..........
##............


You could see a gnoll.

Vanquished Creatures
  A gnoll (D:2)
  An adder (D:2)
  A dart slug (D:1)
  An endoplasm (D:1)
  A giant cockroach (D:1)
  2 goblins (D:1)
  3 hobgoblins (D:1)
  2 quokkas (D:1)
  A ball python (D:1)
  2 bats (D:1)
  3 frilled lizards
  A rat (D:1)
19 creatures vanquished.

Notes
Turn   | Place    | Note
-------+----------+-------------------------------------------
     0 | D:1      | NotreDorf the Merfolk Berserker began the quest for the
                  | Orb.
     0 | D:1      | Reached XP level 1. HP: 18/18 MP: 1/1
   168 | D:1      | Reached XP level 2. HP: 24/24 MP: 2/2
   765 | D:2      | Reached XP level 3. HP: 17/30 MP: 3/3
   765 | D:2      | Gained mutation: You are clumsy. (Dex -2) [potion of
                  | mutation]
   765 | D:2      | Gained mutation: You have hidden genetic potential. [potion
                  | of mutation]
   869 | D:2      | Slain by a gnoll

Illustrated notes

Levels and vault maps discovered:
D:1:      dreamdust_arrival_beginning_and_end, layout_basic
D:2:      layout_rooms, hellmonk_ecumenical_altar_run_dry

Skill      XL: |  1 |
---------------+----+-----
Dodging        | 3 |  3.6
Fighting       | |  3.9
Polearms       | |  4.7
Armour         | |  1.3

Action                   || total
-------------------------++-------
Melee: Spear             ||   100
  Use: Potion            ||     3
 Stab: Sleeping          ||     1
Armor: Animal skin       ||     6
Dodge: Dodged            ||    49

Table legend: (Time is in decaauts)
 A = Elapsed time spent in this place.
 B = Non-inter-level travel time spent in this place.
 C = Inter-level travel time spent in this place.
 D = Time resting spent in this place.
 E = Time spent auto-exploring this place.
 F = Levels seen in this place.
 G = Mean time per level.
                   A        B        C        D        E       F      G
               +--------+--------+--------+--------+--------+-----+--------+
         Total |    839 |    811 |     28 |     27 |    608 |   2 |  419.5 |
       Dungeon |    839 |    811 |     28 |     27 |    608 |   2 |  419.5 |
               +--------+--------+--------+--------+--------+-----+--------+

Top non-repeatable levels by time:
     D:1: 726 daAuts
     D:2: 112 daAuts
